 Dungeon Crawl Stone Soup version 0.23.0 (webtiles) character file.

Game seed: 11487027293430144168

1121 LostNumber the Chopper (level 8, -8/55 HPs)
             Began as a Mummy Fighter on Feb 12, 2019.
             Was an Initiate of Hepliaklqana.
             Mangled by an orc warrior
             ... wielding a +0 trident
              (11 damage)
             ... on level 6 of the Dungeon.
             The game lasted 00:08:35 (4617 turns).

LostNumber the Chopper (Mummy Fighter)              Turns: 4617, Time: 00:08:35

Health: -8/55      AC: 11    Str: 21    XL:     8   Next: 12%
Magic:  8/8        EV: 13    Int:  8    God:    Hepliaklqana [......]
Gold:   284        SH:  9    Dex: 11    Spells: 7/7 levels left

rFire    x . .     SeeInvis .   r - +2 flail
rCold    + . .     Gourm    .   c - +0 shield
rNeg     + + +     Faith    .   b - +0 scale mail
rPois    ∞         Spirit   .   k - +2 hat
rElec    .         Reflect  .   n - +0 cloak
rCorr    .         Harm     .   j - +0 pair of gloves
MR       +....                  (no boots)
Stlth    ..........             (no amulet)
HPRegen  0.18/turn              i - +6 ring of evasion
MPRegen  0.11/turn              (no ring)

@: no status effects
A: no food or potions, fire vulnerability, reduced essence, cold resistance 1,
negative energy resistance 3, torment resistance, unbreathing
a: Recall Ancestor, Ancestor Identity, Renounce Religion


You were on level 6 of the Dungeon.
You worshipped Hepliaklqana.
Hepliaklqana was noncommittal.
You were not hungry.

You visited 1 branch of the dungeon, and saw 6 of its levels.

You collected 284 gold pieces.

Inventory:

Hand Weapons
 a - a +0 war axe
 h - a +1 mace of crushing
   (You found it on level 1 of the Dungeon)
 r - a +2 flail (weapon)
   (You took it off a wight on level 6 of the Dungeon)
Armour
 b - a +0 scale mail (worn)
 c - a +0 shield (worn)
 j - a +0 pair of gloves (worn)
   (You found it on level 2 of the Dungeon)
 k - a +2 hat (worn)
   (You found it on level 2 of the Dungeon)
 n - a +0 cloak (worn)
   (You found it on level 3 of the Dungeon)
Jewellery
 i - a +6 ring of evasion (left hand)
   (You found it on level 2 of the Dungeon)
 o - an uncursed amulet of the gourmand {unknown}
   (You found it on level 4 of the Dungeon)
Scrolls
 d - a scroll of enchant weapon {unknown}
 e - 4 scrolls of identify {unknown}
 f - 3 scrolls of teleportation {unknown}
 g - 4 scrolls of fear {unknown}
 l - 2 scrolls of blinking {unknown}
 m - 2 scrolls of remove curse {unknown}
 p - a scroll of amnesia {unknown}
 q - a scroll of enchant armour {unknown}


   Skills:
 + Level 5.2 Fighting
 * Level 5.2 Axes
 + Level 4.2 Armour
 + Level 4.3 Shields


You had 7 spell levels left.
You didn't know any spells.
Your spell library contained the following spells:

 Spells                   Type           Power        Failure   Level  Hunger
 Confusing Touch          Hex            #.....       99%         1    N/A
 Magic Dart               Conj           #...         99%         1    N/A
 Blink                    Tloc           N/A          100%        2    N/A
 Call Imp                 Summ           #.......     100%        2    N/A
 Slow                     Hex            #.......     100%        2    N/A
 Confuse                  Hex            #.......     100%        3    N/A
 Conjure Flame            Conj/Fire      #.......     100%        3    N/A
 Gell's Gravitas          Tloc           #.........   100%        3    N/A
 Mephitic Cloud           Conj/Pois/Air  #.......     100%        3    N/A
 Petrify                  Tmut/Erth      #.......     100%        4    N/A
 Metabolic Englaciation   Hex/Ice        #.........   100%        5    N/A
 Yara's Violent Unravell  Hex/Tmut       #.........   100%        5    N/A

Dungeon Overview and Level Annotations

Branches:
Dungeon (6/15)
 Temple: D:4-7

Altars:
Dithmenos
Hepliaklqana

Annotations:
D:5 Blork the orc


Innate Abilities, Weirdness & Mutations

You do not eat or drink.
Your flesh is vulnerable to fire.
You are immune to poison.
Your flesh is cold resistant. (rC+)
You are immune to negative energy. (rN+++)
You are immune to unholy pain and torment.
You can survive without breathing.
Your life essence is reduced to manifest your ancestor. (-10% HP)


Message History

The orc wizard begins to cast a cantrip, but forgets the words!
You thump the orc wizard!
You kill the orc wizard!
The orc warrior barely misses you.
The orc warrior hits you with a +0 trident.
Things that are here:
a +0 dagger; a +0 robe You hit the orc warrior but do no damage.
The orc warrior hits you with a +0 trident.
You closely miss the orc warrior.
An adder comes into view.
The orc warrior closely misses you.
The adder moves out of view.
You closely miss the orc warrior.
The orc warrior hits you with a +0 trident!
You hit the orc warrior but do no damage.
The orc warrior closely misses you.
An orc comes into view. It is wielding a +0 hand axe.
You block the orc warrior's attack.
You hit the orc warrior but do no damage.
You block the orc warrior's attack.
Ealdgyð hits the orc warrior but does no damage.
The adder bites you.
Unknown command.
You thump the orc warrior! You block the adder's attack.
The orc warrior hits you with a +0 trident!
* * * LOW HITPOINT WARNING * * *
Ealdgyð barely misses the orc warrior.
The adder misses you.
You hit the orc warrior. You block the orc warrior's attack.
Ealdgyð hits the orc warrior but does no damage.
The adder completely misses you.
Ealdgyð hits the orc warrior.
The orc warrior hits Ealdgyð with a +0 trident!!
Unknown command.
You hit the orc warrior but do no damage.
You block the adder's attack. x2; Ealdgyð closely misses the orc warrior.
The orc warrior hits you with a +0 trident!
* * * LOW HITPOINT WARNING * * *
You hit the orc warrior but do no damage.
You block the adder's attack.
Ealdgyð hits the orc warrior but does no damage.
The orc warrior hits you with a +0 trident!
* * * LOW HITPOINT WARNING * * *
You block the adder's attack.
Ealdgyð hits the orc warrior but does no damage.
You hit the orc warrior. The adder bites you but does no damage.
The orc warrior hits you but does no damage.
You block the adder's attack.
Ealdgyð barely misses the orc warrior.
You barely miss the orc warrior. The orc warrior misses you.
The adder misses you.
Ealdgyð barely misses the orc warrior.
The orc warrior hits you with a +0 trident!
You die...

#########...###............####.#
.......##............###.###
.#####......)............#
%....#....[)).)....#####.#
####.#.##########.## #.# #.# #.#
#.# #.# ###.# #.# .#. #.#R# #.# #
# #@o# #.# #.oS#.# #.#
.....#h##.# #.. ###. .. ..# # #.#
#.# .. .# #.# .# ..


You could see the friendly Ealdgyð the ancestor, an orc warrior, a black bear,
an adder and an orc.

Vanquished Creatures
  Eustachio (D:5)
  An orc warrior (D:6)
  A centaur (D:5)
  3 scorpions
  4 wights (D:6)
  A howler monkey (D:6)
  A crimson imp (D:6)
  An orc priest (D:4)
  2 orc wizards
  An iguana (D:4)
  3 worker ants
  A hound skeleton (D:4)
  A gnoll (D:1)
  5 adders
  A shadow imp (D:5)
  An ooze (D:3)
  An adder zombie (D:6)
  2 worms
  A leopard gecko (D:1)
  7 orcs
  9 bats
  2 giant cockroaches (D:2)
  2 goblins
  A hobgoblin (D:1)
  6 jackals
  4 kobolds
  2 quokkas
  A ball python (D:4)
  7 frilled lizards
  A jackal zombie (D:6)
  10 rats
84 creatures vanquished.

Vanquished Creatures (collateral kills)
  An ogre (D:5)
1 creature vanquished.

Vanquished Creatures (others)
  An ancestor (D:6)
1 creature vanquished.

Grand Total: 86 creatures vanquished

Notes
Turn   | Place    | Note
-------+----------+-------------------------------------------
     0 | D:1      | LostNumber the Mummy Fighter began the quest for the Orb.
     0 | D:1      | Reached XP level 1. HP: 18/18 MP: 1/1
   237 | D:1      | Reached XP level 2. HP: 24/24 MP: 2/2
   580 | D:2      | Reached XP level 3. HP: 25/29 MP: 3/3
   801 | D:2      | Reached XP level 4. HP: 34/35 MP: 4/4
  2188 | D:4      | Reached XP level 5. HP: 22/42 MP: 5/5
  2680 | D:4      | Reached XP level 6. HP: 43/48 MP: 6/6
  3148 | D:5      | Entered Level 5 of the Dungeon
  3193 | D:5      | Noticed Eustachio
  3274 | D:5      | Killed Eustachio
  3274 | D:5      | Reached XP level 7. HP: 26/55 MP: 7/7
  3452 | D:5      | Found a shadowy altar of Dithmenos.
  3610 | D:5      | Noticed Blork the orc
  3936 | D:6      | Found a hazy altar of Hepliaklqana.
  3943 | D:6      | Became a worshipper of Hepliaklqana the Forgotten
  4259 | D:5      | Reached skill level 5 in Fighting
  4568 | D:6      | Reached skill level 5 in Axes
  4576 | D:6      | Reached XP level 8. HP: 54/55 MP: 8/8
  4615 | D:6      | HP: 2/55 [orc warrior/+0 trident (17)]
  4617 | D:6      | Mangled by an orc warrior

Skill      XL: |  1  2  3  4  5  6  7 |
---------------+----------------------+-----
Axes           | 2 3 4 5 |  5.2
Shields        | 3 4 |  4.3
Armour         | 3 4 |  4.2
Fighting       | 4 5 |  5.2

Action                   |  1- 3 |  4- 6 |  7- 9 || total
-------------------------+-------+-------+-------++-------
Melee: War axe           |    15 |       |       ||    15
       Mace              |    74 |   187 |    90 ||   351
       Flail             |       |       |    14 ||    14
Invok: Recall Ancestor   |       |       |     1 ||     1
Armor: Scale mail        |    43 |    77 |    40 ||   160
Dodge: Dodged            |    36 |    96 |    59 ||   191
Block: Shield            |    56 |    98 |    69 ||   223
